 Dungeon Sprint DCSS version 0.30.0-15-g856e2d3f33 (webtiles) character file.

Game seed: 9416134824475139192

11 bmack86 the Chopper (level 2, -1/28 HPs)
             Began as a Minotaur Fighter on May 19, 2023.
             Succumbed to a scorpion's poison
             ... in the Dungeon (Sprint IX: "|||||||||||||||||||||||||||||").
             The game lasted 00:00:47 (132 turns).

bmack86 the Chopper (Minotaur Fighter)               Turns: 132, Time: 00:00:48

Health: -1/28      AC:  7    Str: 20    XL:     2   Next: 17%
Magic:  1/1        EV:  9    Int:  5    God:
Gold:   0          SH:  4    Dex:  9    Spells: 1/1 levels left

rFire   . . .        a - +0 war axe
rCold   . . .        c - +0 buckler
rNeg    . . .        b - +0 scale mail
rPois   .            (helmet restricted)
rElec   .            (no cloak)
rCorr   .            (no gloves)
SInv    .            (no boots)
Will    .....        (no amulet) Stlth
                     (no ring)
HPRegen 0.24/turn    (no ring)
MPRegen 0.07/turn

%: no teleportation
@: mighty, lethally poisoned (-1 -> -12)
A: horns 2, retaliatory headbutt
a: no special abilities


You were in the Dungeon.
You visited 1 branch

Inventory:

Hand Weapons
 a - a +0 war axe (weapon)
Armour
 b - a +0 scale mail (worn)
 c - a +0 buckler (worn)
Scrolls
 j - a scroll of blinking
Potions
 e - a potion of curing
 f - a potion of heal wounds
 g - a potion of haste
 h - 2 potions of magic
 i - a potion of berserk rage


   Skills:
 + Level 4.7 Fighting
 * Level 4.8 Axes
 - Level 3.8 Armour
 - Level 3.8 Shields


You had one spell level left.
You didn't know any spells.
Your spell library was empty.

Dungeon Overview and Level Annotations

Branches:
Dungeon (1/1)

Altars:


Innate Abilities, Weirdness & Mutations

You have a pair of horns on your head.
You reflexively headbutt those who attack you in melee.


Message History

There is an open door to the Dungeon here.
Items here: )) ††.
Okay, then.
You start waiting.
Done waiting.
You open the door.
An iguana, a hound, 2 scorpions and an ufetubus come into view.
The iguana hisses angrily.
The hound barks!
The ufetubus shouts!
You miss the ufetubus. The ufetubus hits you. The ufetubus closely misses you.
The ufetubus hits you but does no damage. x2
You slash the ufetubus!
You kill the ufetubus!
The scorpion stings you.
You are poisoned.
The scorpion poisons you!
You have reached level 2!
You feel very mighty all of a sudden.
You feel very sick. The scorpion stings you.
You completely miss the scorpion. Your headbutt misses the scorpion.
You feel very sick. The scorpion stings you.
You closely miss the scorpion.
You feel sick. The scorpion stings you.
The scorpion stings you but does no damage.
You barely miss the scorpion.
You feel sick. You block the scorpion's attack.
You slash the scorpion! Your headbutt misses the scorpion.
The scorpion is moderately wounded.
You feel sick.
The scorpion stings you but does no damage.
The hound stops to sniff the ground.
The scorpion stings you but does no damage.
You barely miss the scorpion.
The scorpion is moderately wounded.
You feel sick. The scorpion stings you.
* * * LOW HITPOINT WARNING * * *
You are lethally poisoned!
The scorpion poisons you! The scorpion closely misses you.
You barely miss the scorpion.
The scorpion is moderately wounded.
You die...

▓+▓
▓.▓
▓.▓
▓l▓
▓s▓
▓h▓
▓s▓
▓@▓
▓.▓
▓.▓
▓.▓
▓.▓
▓)▓
▓.▓
▓.▓
▓.▓


You could see 2 scorpions, an iguana and a hound.

Vanquished Creatures
  An ufetubus (D)
  A bat (D)
  2 giant cockroaches (D)
  A goblin (D)
  A kobold (D)
6 creatures vanquished.

Notes
Turn   | Place    | Note
-------+----------+-------------------------------------------
     0 | D        | bmack86 the Minotaur Fighter began the quest for the Orb.
     0 | D        | Reached XP level 1. HP: 19/19 MP: 0/0
   123 | D        | Noticed an iguana
   123 | D        | Noticed a scorpion
   123 | D        | Noticed a hound
   123 | D        | Noticed a scorpion
   126 | D        | Reached XP level 2. HP: 24/28 MP: 1/1
   132 | D        | Succumbed to a scorpion's poison

Illustrated notes

Levels and vault maps discovered:
D:        linesprint [early_d, line_temple, items_1, d_10, items_2, lair_1,
          lair_end, items_3, orc_1, orc_end, items_4, d_15, swamp_1, shoals_1,
          snake_1, spider_1, d_20, vaults_1, items_5, swamp_end, shoals_end,
          snake_end, spider_end, vaults_end, d_27, items_6, zot_1, zot_end,
          crypt_end, forest_end, elf_end, slime_end, tomb_end, abyss_end,
          pan_hell_end]

Skill      XL: |  1 |
---------------+----+-----
Axes           | 4 |  4.8
Fighting       | 4 |  4.7
Armour         | |  3.8
Shields        | |  3.8

Action                     || total
---------------------------++-------
  Melee: War axe           ||    21
         Headbutt          ||     2
    Use: Potion            ||     1
 Armour: Scale mail        ||    15
  Dodge: Dodged            ||     6
  Block: Buckler           ||     2
